 Dungeon Crawl Stone Soup version 0.25.1-8-g42b30a86e7 (webtiles) character file.

Game seed: 17517491065120902962

17 Goreval the Sneak (level 2, 0/22 HPs)
             Began as a Naga Enchanter on Dec 10, 2020.
             Slain by a kobold
             ... wielding a +1 short sword of speed
              (7 damage)
             ... on level 1 of the Dungeon.
             The game lasted 00:01:54 (691 turns).

Goreval the Sneak (Naga Enchanter)                   Turns: 691, Time: 00:01:55

Health: 0/22       AC:  1    Str: 10    XL:     2   Next: 62%
Magic:  1/5        EV: 10    Int: 15    God:
Gold:   27         SH:  0    Dex: 11    Spells: 2/5 levels left

rFire    . . .     SeeInvis +   a - +1 dagger
rCold    . . .     Gourm    .   (no shield)
rNeg     . . .     Faith    .   b - +0 robe
rPois    +         Spirit   .   (no helmet)
rElec    .         Reflect  .   (no cloak)
rCorr    .         Harm     .   (no gloves)
MR       .....                  (no barding)
Stlth    +++.......             (no amulet)
HPRegen  0.07/turn              (no ring)
MPRegen  0.09/turn              (no ring)

@: very slightly contaminated, very slow
A: large, see invisible, deformed body, poison resistance, slowness 2, slow
metabolism 1, spit poison 1, AC +0
a: Spit Poison


You were on level 1 of the Dungeon.
You were not hungry.

You visited 1 branch of the dungeon, and saw 1 of its levels.

You collected 27 gold pieces.

Inventory:

Hand Weapons
 a - a +1 dagger (weapon)
Missiles
 c - 36 stones (quivered)
Armour
 b - a +0 robe (worn)
Jewellery
 e - an uncursed ring of ice {unknown}
Comestibles
 d - 3 rations


   Skills:
 * Level 1.6 Short Blades
 - Level 1.5 Dodging
 + Level 4.6 Stealth
 + Level 2.1 Spellcasting
 * Level 3.3 Hexes


You had 2 spell levels left.
You knew the following spells:

 Your Spells              Type           Power        Failure   Level  Hunger
a - Ensorcelled Hibernat  Hex/Ice        #.....       17%         2    ###....
o - Corona                Hex            ##.....      5%          1    #......

Your spell library contained the following spells:

 Spells                   Type           Power        Failure   Level  Hunger
 Confusing Touch          Hex            ##......     17%         3    ###....
 Tukima's Dance           Hex            ##......     17%         3    ###....
 Dazzling Flash           Conj/Hex       #.....       32%         3    ###....


Dungeon Overview and Level Annotations

Branches:
Dungeon (1/15)

Altars:


Innate Abilities, Weirdness & Mutations

You cannot wear boots.
Your serpentine skin is tough. (AC +0)
You have supernaturally acute eyesight. (SInv)
Armour fits poorly on your strangely shaped body.
Your system is resistant to poisons. (rPois)
You cover ground very slowly.
You have a slow metabolism.
You can spit poison.


Message History

The splash of poison hits the kobold.
You feel slightly more hungry. The kobold hits you but does no damage.
You closely miss the kobold.
The kobold hits you with a +1 short sword of speed.
A kobold comes into view. It is wielding a +0 short sword.
Aim: a rat (chance to defeat MR: 55%)
You miscast Ensorcelled Hibernation.
You are very lightly contaminated with residual magic.
Nothing appears to happen.
The kobold closely misses you.
You have got your breath back.
The rat misses you.
Aim: a rat (chance to defeat MR: 55%)
The rat resists with significant effort.
The kobold hits you with a +1 short sword of speed.
The rat bites you.
You hit the rat but do no damage.
The kobold hits you with a +1 short sword of speed.
The rat barely misses you.
The kobold hits you with a +1 short sword of speed!
You die...

#........#..#.####.####.##.
####.###)#..............##.
#.# #.#..#.............# #.#
#.#..#.####.####.##. #.#
#.#..#.# #...##.##. #.#
#.#..#.# ###.##.##.
#.###.#..#.# #....##.
#####.....r..#.# #..####.
........K.K@...######..# #.
......###...#####...#..####>
..... #...# #...........
##.# #...#####...#.####.# #(
#...#.........####.# #
#...#.###)..........
#..(.......#####.#.#
##.##.###### #...... #.##[#
#...#.#


You could see 2 kobolds and a rat.

Vanquished Creatures
  2 leopard geckos (D:1)
  A bat (D:1)
  2 goblins (D:1)
  2 hobgoblins (D:1)
  2 kobolds (D:1)
  A ball python (D:1)
  A frilled lizard (D:1)
  3 rats (D:1)
14 creatures vanquished.

Notes
Turn   | Place    | Note
-------+----------+-------------------------------------------
     0 | D:1      | Goreval the Naga Enchanter began the quest for the Orb.
     0 | D:1      | Reached XP level 1. HP: 15/15 MP: 3/3
   206 | D:1      | Reached XP level 2. HP: 22/22 MP: 5/5
   230 | D:1      | Learned a level 2 spell: Ensorcelled Hibernation
   691 | D:1      | Slain by a kobold

Illustrated notes

Levels and vault maps discovered:
D:1:      dpeg_arrival_simpleton_a, layout_loops_ring, minmay_split_cup_small

Action                   || total
-------------------------++-------
Melee: Dagger            ||    27
Throw: Stone             ||     1
 Cast: Ensorcelled Hiber ||     5
 Abil: Spit Poison       ||     5
 Stab: Sleeping          ||     6
Armor: Robe              ||     9
Dodge: Dodged            ||    13
